 Dungeon Crawl Stone Soup version 0.31-a0-4-gefa6de2278 (webtiles) character file.

Game seed: 3007254745077254005

1281 Maxmaps the Magician (level 8, -5/60 HPs)
             Began as a Demonspawn Conjurer on May 5, 2023.
             Slain by an ogre
             ... wielding a +0 giant spiked club
              (34 damage)
             ... on level 5 of the Dungeon.
             The game lasted 00:13:53 (6426 turns).

Maxmaps the Magician (Demonspawn Conjurer)          Turns: 6426, Time: 00:13:54

Health: -5/60      AC:  9    Str:  7    XL:     8   Next: 29%
Magic:  17/17      EV: 16    Int: 23    God:
Gold:   279        SH:  5    Dex: 11    Spells: 16/19 levels left

rFire   + .          .
                       - Unarmed
rCold   . . .        (no shield)
rNeg    . . .        d - +2 leather armour {rF+}
rPois   .            (no helmet)
rElec   .            (no cloak)
rCorr   .            (no gloves)
SInv    .            v - +0 pair of boots
Will    .....        c - amulet of reflection
Stlth   +            j - +5 ring of evasion
HPRegen 0.30/turn    (no ring)
MPRegen 0.15/turn

%: reflection
@: no status effects
A: claws 1, slimy green scales 2
a: no special abilities


You were on level 5 of the Dungeon.
You visited 1 branch of the dungeon, and saw 5 of its levels.

You collected 279 gold pieces.

Inventory:

Armour
 d - a +2 leather armour of fire resistance (worn)
 v - a +0 pair of boots (worn)
Jewellery
 c - an amulet of reflection (around neck)
 j - a +5 ring of evasion (left claw)
 w - an amulet of regeneration
Wands
 h - a wand of paralysis (5)
 y - a wand of acid (6)
Scrolls
 e - 4 scrolls of teleportation
 f - 2 scrolls of identify
Potions
 a - a potion of ambrosia {unknown}
 b - a potion of magic
 k - a potion of lignification {unknown}
 l - 3 potions of heal wounds
 m - 2 potions of brilliance
 o - a potion of cancellation {unknown}
 p - 3 potions of degeneration
 s - a potion of mutation {unknown}
 z - a potion of curing {unknown}


   Skills:
 - Level 4.2 Fighting
 - Level 3.1 Armour
 - Level 1.7 Dodging
 - Level 1.7 Stealth
 + Level 4.5 Unarmed Combat
 - Level 6.1 Spellcasting
 - Level 4.0 Conjurations


You had 16 spell levels left.
You knew the following spells:

 Your Spells              Type           Power      Damage    Failure   Level
a - Magic Dart            Conj           100%       1d8       2%          1
b - Searing Ray           Conj           50%        2d6       3%          2

Your spell library contained the following spells:

 Spells                   Type           Power      Damage    Failure   Level
 Shock                    Conj/Air       64%        1d7       5%          1
 Apportation              Tloc           14%        N/A       12%         1
 Necrotise                Necr           28%        1d5       12%         1
 Summon Small Mammal      Summ           28%        N/A       12%         1
 Dazzling Flash           Conj/Hex       32%        N/A       16%         3
 Lesser Beckoning         Tloc           14%        N/A       19%         2
 Gell's Gravitas          Tloc           7%         N/A       36%         3
 Swiftness                Air            7%         N/A       36%         3
 Teleport Other           Tloc           7%         N/A       36%         3
 Fulminant Prism          Conj/Hex       8%         3d7       47%         4
 Iskenderun's Mystic Bla  Conj/Tloc      16%        2d5       47%         4
 Airstrike                Air            3%         2d(1-17)  77%         4


Dungeon Overview and Level Annotations

Branches:
Dungeon (5/15)
 Temple: D:4-7

Altars:
Dithmenos

Shops:
D:5 [


Innate Abilities, Weirdness & Mutations

You have sharp fingernails.
You are mostly covered in slimy green scales. (AC +3)


Message History

You closely miss the howler monkey.
The howler monkey is moderately wounded.
An ogre comes into view. It is wielding a +0 giant spiked club.
The howler monkey hits you but does no damage.
You closely miss the howler monkey.
The howler monkey is moderately wounded.
The howler monkey hits you.
You scratch the howler monkey.
The howler monkey is heavily wounded.
The howler monkey barely misses you.
You scratch the howler monkey.
The howler monkey is severely wounded.
The howler monkey misses you.
You scratch the howler monkey.
The howler monkey is almost dead.
The howler monkey hoots and howls with incredible vigour!
You hear an angry hiss.
You hear a bark!
You barely miss the howler monkey. Your claw misses the howler monkey.
The howler monkey is almost dead.
The howler monkey hits you. The ogre hits you but does no damage.
The howler monkey completely misses you.
You scratch the howler monkey.
You kill the howler monkey!
You claw the ogre!
The ogre is moderately wounded.
The ogre misses you.
An adder comes into view.
The ogre misses you.
You scratch the ogre.
The ogre is heavily wounded.
The ogre hits you but does no damage.
You claw the ogre!
The ogre is severely wounded.
The ogre barely misses you.
You scratch the ogre.
The ogre is almost dead.
The ogre hits you with a +0 giant spiked club!
The ogre hits you with a +0 giant spiked club!!
Ouch! That really hurt!
You die...

###.......†..........#
##.†...8...8..........#
####..#..................#.#
##.......8.>[∩.<.8..........#
.#....#..).....).....)......##
........##..8...8#............
......####.#..####..##.#.##.##
..##.# #..#...##...##.#.# .#
.# #. ...##O@..#...##.... ..
#####.O†..S...##.#.#. #.
......##.#.....#....
..?..#...#.# .# .# # .......#.
# # ....... .. ....... #.
....... .#


You could see 2 ogres and an adder.

Vanquished Creatures
  Eustachio (D:4)
  A black bear (D:5)
  An ogre (D:5)
  2 phantoms
  3 scorpions
  A howler monkey (D:5)
  5 hounds
  3 orc priests
  3 iguanas
  3 orc wizards (D:5)
  7 gnolls
  3 adders
  An ufetubus (D:5)
  A dart slug (D:3)
  17 orcs
  8 bats
  3 endoplasms
  A giant cockroach (D:2)
  19 goblins
  14 hobgoblins
  6 kobolds
  7 quokkas
  7 ball pythons
  4 frilled lizards
  20 rats
141 creatures vanquished.

Notes
Turn   | Place    | Note
-------+----------+-------------------------------------------
     0 | D:1      | Maxmaps the Demonspawn Conjurer began the quest for the
                  | Orb.
     0 | D:1      | Reached XP level 1. HP: 13/13 MP: 3/3
   144 | D:1      | Found a faded altar of an unknown god.
   350 | D:1      | Gained mutation: You are partially covered in slimy green
                  | scales. (AC +2) [demonic ancestry]
   350 | D:1      | Reached XP level 2. HP: 19/19 MP: 1/5
  1021 | D:2      | Reached skill level 3 in Spellcasting
  1315 | D:2      | Reached XP level 3. HP: 24/24 MP: 0/7
  1940 | D:2      | Reached skill level 4 in Spellcasting
  2137 | D:2      | Gained mutation: You are mostly covered in slimy green
                  | scales. (AC +3) [demonic ancestry]
  2137 | D:2      | Reached XP level 4. HP: 30/30 MP: 8/10
  2605 | D:3      | Found a shadowy altar of Dithmenos.
  2819 | D:3      | Gained mutation: You have sharp fingernails. [demonic
                  | ancestry]
  2819 | D:3      | Reached XP level 5. HP: 32/35 MP: 4/12
  2832 | D:3      | Learned a level 2 spell: Searing Ray
  2952 | D:3      | Noticed a phantom
  2963 | D:3      | Killed a phantom
  2964 | D:3      | Reached skill level 5 in Spellcasting
  3817 | D:4      | Reached XP level 6. HP: 41/41 MP: 9/14
  4066 | D:4      | Reached skill level 6 in Spellcasting
  4187 | D:4      | Reached skill level 1 in Armour
  5209 | D:5      | Entered Level 5 of the Dungeon
  5235 | D:4      | Reached skill level 1 in Fighting
  5235 | D:4      | Reached XP level 7. HP: 41/48 MP: 8/16
  5411 | D:5      | Noticed Eustachio
  5667 | D:4      | Killed Eustachio
  6028 | D:5      | Reached skill level 1 in Unarmed Combat
  6121 | D:5      | Found Kogyqoisk's Armour Shoppe.
  6172 | D:5      | Reached XP level 8. HP: 60/60 MP: 4/17
  6426 | D:5      | Slain by an ogre

Illustrated notes

Levels and vault maps discovered:
D:1:      dpeg_arrival_houses_and_road, layout_basic,
          hellmonk_ecumenical_altar_lost_god
D:2:      cheibrodos_greedy_goblins, layout_basic, minmay_goblin_outpost
D:3:      layout_loops_ring, grunt_dithmenos_smoke_and_mirrors, minmay_rat_hole
D:4:      layout_cave_pods
D:5:      minmay_evil_eye, layout_rooms, trog_wizard, nicolae_stop_n_shop_2,
          minmay_diced_spiral, uniq_crazy_yiuf_cottage, uniq_eustachio

Skill      XL: |  1  2  3  4  5  6  7  8 |
---------------+-------------------------+-----
Spellcasting   | 3 4 5 6 |  6.1
Armour         | 3 |  3.1
Fighting       | 1 4 |  4.2
Unarmed Combat | 3 4 |  4.5
Dodging        | |  1.7
Stealth        | |  1.7
Conjurations   | |  4.0

Action                     |  1- 3 |  4- 6 |  7- 9 || total
---------------------------+-------+-------+-------++-------
  Melee: Unarmed           |   108 |    75 |    70 ||   253
         Punch             |       |     3 |     2 ||     5
   Cast: Magic Dart        |    73 |   132 |    39 ||   244
         Searing Ray       |       |     7 |     5 ||    12
  Evoke: Wand              |       |       |     5 ||     5
    Use: Scroll            |       |    12 |       ||    12
 Armour: Robe              |    13 |     3 |       ||    16
         Ring mail         |       |    28 |    16 ||    44
         Leather armour    |       |       |    26 ||    26
  Dodge: Dodged            |    87 |    83 |    77 ||   247
  Block: Other             |    30 |    28 |    30 ||    88

Table legend: (Time is in decaauts)
 A = Elapsed time spent in this place.
 B = Non-inter-level travel time spent in this place.
 C = Inter-level travel time spent in this place.
 D = Time resting spent in this place.
 E = Time spent auto-exploring this place.
 F = Levels seen in this place.
 G = Mean time per level.
                   A        B        C        D        E       F      G
               +--------+--------+--------+--------+--------+-----+--------+
         Total |   6429 |   6279 |    150 |    890 |   4240 |   5 | 1285.8 |
       Dungeon |   6429 |   6279 |    150 |    890 |   4240 |   5 | 1285.8 |
               +--------+--------+--------+--------+--------+-----+--------+

Top non-repeatable levels by time:
     D:4: 2097 daAuts
     D:2: 1671 daAuts
     D:3: 1195 daAuts
     D:1: 921 daAuts
     D:5: 542 daAuts
